 Dungeon Crawl Stone Soup version 0.16.1-30-g34a7ffa (webtiles) character file.

9142 KurdyM the Cleaver (level 11, -2/105 (106) HPs)
             Began as a Deep Dwarf Chaos Knight on June 17, 2015.
             Was a Priest of Okawaru.
             Slain by an orc warrior
             ... wielding a +0 battleaxe
              (16 damage)
             ... on level 10 of the Dungeon.
             The game lasted 00:30:58 (10763 turns).

KurdyM the Cleaver (Deep Dwarf Chaos Knight)       Turns: 10763, Time: 00:30:58

HP:   -2/105 (106)  AC: 20    Str: 12      XL:     11   Next: 19%
MP:   16/18         EV:  7    Int: 17      God:    Okawaru [***...]
Gold: 530           SH:  0    Dex: 12 (15) Spells: 0 memorised, 10 levels left

rFire  + . .     SeeInvis .     o - +3 war axe
rCold  . . .     Clarity  .     s - +0 plate armour
rNeg   + . .     SustAb   .     (no shield)
rPois  +         Gourm    .     (no helmet)
rElec  .         Spirit   .     (no cloak)
rCorr  .         Warding  +     j - +0 pair of gloves
rMut   .         Stasis   .     I - +2 pair of boots
MR     ++...                    f - amulet of warding {Ward, rN+}
Stlth  ..........               b - ring "Ghelodog" {rPois AC+3}
                                m - ring of protection from fire

@: heroism, non-regenerating, very resistant to hostile enchantments, extremely
unstealthy
A: damage resistance, recharge devices, clever 2, deformed body, magic
resistance 1, sense surroundings 2, slow healing 3, weak 2
a: Device Recharging, Heroism, Renounce Religion


You were on level 10 of the Dungeon.
You worshipped Okawaru.
Okawaru was most pleased with you.
You were not hungry.

You visited 2 branches of the dungeon, and saw 11 of its levels.
You also visited: Ossuary.

You collected 530 gold pieces.

Inventory:

Hand weapons
 a - a cursed +0 hand axe of chaos
 o - a +3 war axe (weapon)
 A - a +1 flail of protection
Missiles
 e - 254 stones
 g - 51 poisoned needles
 x - 2 throwing nets (quivered) {=f}
 B - 17 tomahawks
Armour
 j - a +0 pair of gloves (worn)
 s - a +0 plate armour (worn)
 G - a +1 chain mail of fire resistance
 I - a +2 pair of boots (worn)
Jewellery
 b - the ring "Ghelodog" (right hand) {rPois AC+3}
   (You found it on level 8 of the Dungeon)

   [ring of protection]

   It affects your AC (+3).
   It protects you from poison.
 f - an amulet of warding (around neck) {Ward, rN+}
 m - a ring of protection from fire (left hand)
 z - an uncursed amulet of resist corrosion
 E - an uncursed ring of see invisible
Magical devices
 c - a wand of heal wounds (2)
 i - a wand of cold (4)
 k - a wand of lightning (4)
 r - a wand of polymorph (11)
 w - a wand of paralysis (19)
 y - a wand of invisibility (1)
Scrolls
 h - 4 scrolls of immolation {!r}
 l - 5 scrolls of remove curse
 p - 3 scrolls of fear
 D - a scroll of enchant armour
 H - 4 scrolls of identify
 J - a scroll of blinking {!r}
Potions
 q - 4 potions of curing
 t - a potion of cure mutation {!q}
 C - 3 potions of heal wounds
Books
 F - a Fen Folio
Comestibles
 d - 6 bread rations
 n - 6 meat rations
 v - 8 beef jerkies


   Skills:
 + Level 9.5(14.5) Fighting
 + Level 11.7(16.7) Axes
 + Level 11.0(16.0) Armour
 - Level 1.1(6.1) Dodging
 + Level 8.2 Evocations


You had 10 spell levels left.
You didn't know any spells.

Dungeon Overview and Level Annotations

Branches:
Dungeon (10/15)            Temple (1/1) D:6             Orc (0/4) D:10
   Lair: D:8-11

Altars:
Ashenzari
Cheibriados
Dithmenos
Elyvilon
Fedhas
Gozag
Kikubaaqudgha
Makhleb
Nemelex Xobeh
Okawaru
Qazlal
Ru
Sif Muna
Trog
Vehumet
Xom
Yredelemnul
Zin
The Shining One

Shops:
D:6 [   D:8 :


Innate Abilities, Weirdness & Mutations

You are resistant to damage.
You can recharge devices by infusing magical energy.
You passively map the area around you.
You do not heal naturally.
Your mind is very acute. (Int +4)
Armour fits poorly on your strangely shaped body.
You are resistant to hostile enchantments.
You are very weak. (Str -4)


Message History

e - 250 stones (gained 1)
e - 251 stones (gained 1)
e - 252 stones (gained 1)
e - 253 stones (gained 1)
e - 254 stones (gained 1)
There is a stone staircase leading down here.
Key pressed, stopping explore.
H - 4 scrolls of identify (gained 1)
A worker ant zombie comes into view.
An ice beast comes into view.
There are monsters nearby!
Unknown command.
Unknown command.
You are too injured to fight recklessly!
You are too injured to fight recklessly!
You are too injured to fight recklessly!
You are too injured to fight recklessly!
You are too injured to fight recklessly!
You are too injured to fight recklessly!
The worker ant zombie bites you but does no damage.
You slash the worker ant zombie! The worker ant zombie bites you.
You hit the worker ant zombie.
Your plate armour prevents you from hitting the worker ant zombie.
The worker ant zombie bites you but does no damage.
You hit the worker ant zombie but do no damage.
The worker ant zombie barely misses you.
You hit the worker ant zombie. The worker ant zombie bites you.
You barely miss the worker ant zombie.
The worker ant zombie completely misses you.
You slash the worker ant zombie! You hit the ice beast but do no damage.
The ice beast hits you but does no damage.
The worker ant zombie bites you but does no damage.
You hit the worker ant zombie.
You destroy the worker ant zombie!
Your plate armour prevents you from hitting the ice beast.
The ice beast hits you but does no damage.
You barely miss the ice beast.
The ice beast hits you but does no damage.
You hit the ice beast.
The ice beast hits you but does no damage.
You hit the ice beast but do no damage. The ice beast barely misses you.
You hit the ice beast. The ice beast barely misses you.
You hit the ice beast. You slash the ice beast!
You kill the ice beast!
There is an escape hatch in the ceiling here.
p - 3 scrolls of fear (gained 1) Unknown command.
Items here: )) [[ a leather armour; a hand axe; a chain mail; a halberd You see here a dagger.
Key pressed, stopping explore.
You see here a leather armour.
An orc wizard comes into view. It is wielding a dagger.
The orc wizard shouts!
Unknown command.
Unknown command.
An orc warrior comes into view. It is wielding a battleaxe.
An orc comes into view. It is wielding a short sword.
The orc warrior shouts!
The orc shouts!
The orc wizard points at you and mumbles some strange words.
The puff of flame hits you!
The orc wizard hits you but does no damage.
Unknown command.
You barely miss the orc wizard.
The orc wizard casts a spell.
The orc wizard flickers and vanishes!
Deactivating autopickup; reactivate with Ctrl-A.
You slash something!
You hit the orc warrior but do no damage.
The orc warrior hits you but does no damage.
The orc hits you but does no damage. Something hits you but does no damage.
The orc warrior hits you with a battleaxe!
You take 7 damage, and have 22/105 hp.
You hit the orc but do no damage. You hit something.
Reactivating autopickup.
You feel a bit more experienced.
You hit the orc warrior. The orc hits you but does no damage.
You gain the combat prowess of a mighty hero.
You feel slightly more hungry. The orc hits you with a short sword.
The orc warrior hits you with a battleaxe.
You take 2 damage, and have 20/105 hp.
You now have 16/18 mp.
Unknown command.
Unknown command.
You hit the orc warrior but do no damage.
Your plate armour prevents you from hitting the orc.
The orc hits you but does no damage.
The orc warrior hits you but does no damage.
You slash the orc warrior!
Your plate armour prevents you from hitting the orc.
The orc hits you but does no damage.
You hit the orc warrior. You slash the orc!
You kill the orc!
The orc warrior hits you with a battleaxe!
You take 6 damage, and have 14/105 hp.
You closely miss the orc warrior.
Xom makes a sudden noise!
You hear the tinkle of an enormous bell.
Your plate armour prevents you from hitting the orc warrior.
The orc warrior hits you with a battleaxe!!
You die...

### #### #### #?. #..#
#..# #.. #..# #..# #..*
#..# #..# #.. #..# #..#
**#####.. #..# #..# *
,........#######..# #..#
* ,.....[.)@........#
#...
######..o).......#####...
#..#######.........# #..#
#........[# #..#
#..#####..# #..# #..#
#..# #..# #..# #..#
##########..#######..#
#..#
#....................#
#..#


You could see an orc warrior.

Vanquished Creatures
  The ghost of KurdyM the Grappler, an experienced TrTm (D:7)
  Pikel (D:6)
  A two-headed ogre (D:9)
  A deep elf mage (D:10)
  Eustachio (D:7)
  A hungry ghost (D:7)
  A wyvern (D:8)
  A hippogriff (D:8)
  Edmund (D:8)
  Menkaure (D:7)
  A sky beast (D:8)
  3 phantoms
  2 ice beasts
  6 ogres
  3 centaurs
  6 orc warriors
  Sigmund (D:6)
  A crocodile (D:7)
  Blork the orc (D:6)
  5 giant frogs
  A big kobold (D:8)
  2 gnoll sergeants
  4 scorpions
  A wyvern skeleton (D:10)
  4 killer bees
  4 wights (D:7)
  2 centaur zombies (Ossuary)
  A goliath beetle (D:7)
  5 crimson imps
  2 quasits (D:10)
  2 centaur skeletons
  9 orc wizards
  A human zombie (Ossuary)
  A jelly (D:10)
  3 orc priests
  4 hounds
  3 giant frog skeletons
  A giant frog zombie (D:5)
  2 iguanas
  2 iron imps (D:7)
  6 worker ants
  A sheep (D:6)
  Ijyb (D:5)
  A hound zombie (D:10)
  3 mummies (Ossuary)
  3 worker ant zombies
  13 adders
  2 gnolls (D:6)
  A river rat (D:7)
  5 shadow imps
  2 white imps (D:7)
  2 giant mites
  4 worms
  2 ufetubi (D:7)
  An adder skeleton (D:9)
  An adder zombie (D:5)
  4 giant geckos
  2 oozes
  32 orcs
  2 bat skeletons (D:7)
  2 bat zombies (D:5)
  6 giant cockroaches
  2 gnoll zombies (Ossuary)
  11 goblins
  14 hobgoblins
  12 jackals
  15 kobolds
  7 quokkas
  2 ball pythons
  A ball python skeleton (D:4)
  13 bats
  A giant cockroach zombie (D:6)
  2 giant gecko zombies (D:5)
  2 giant newts
  2 goblin zombies (Ossuary)
  A jackal skeleton (D:9)
  A jackal zombie (D:5)
  A kobold zombie (Ossuary)
  A quokka skeleton (D:4)
  A quokka zombie (D:10)
  13 rats
291 creatures vanquished.

Vanquished Creatures (collateral kills)
  A crimson imp (D:5)
  A worker ant (D:5)
  An adder (D:5)
  A giant gecko (D:3)
  2 orcs (D:5)
  A bat (D:3)
  A goblin (D:5)
  A kobold (D:3)
9 creatures vanquished.

Vanquished Creatures (others)
  A slave (D:6)
  A worker ant (D:6)
  A giant frog (D:6)
  A scorpion (D:6)
  A wight (D:7)
  A hound (D:6)
  A giant frog skeleton (D:6)
  2 orc priests (D:6)
  An adder (D:6)
  2 orcs (D:6)
  A bat zombie (D:6)
  A goblin (D:6)
  A quokka (D:5)
  A bat (D:6)
16 creatures vanquished.

Grand Total: 316 creatures vanquished

Notes
Turn   | Place    | Note
--------------------------------------------------------------
     0 | D:1      | KurdyM, the Deep Dwarf Chaos Knight, began the quest for the Orb.
     0 | D:1      | Reached XP level 1. HP: 20/20 MP: 1/1
   231 | D:1      | XOM: harmless Air miscast
   276 | D:1      | Reached XP level 2. HP: 27/27 MP: 2/2
   282 | D:1      | Reached skill level 4 in Axes
   376 | D:1      | Found a sparkling altar of Nemelex Xobeh.
   883 | D:2      | Reached XP level 3. HP: 33/33 MP: 3/3
  1014 | D:2      | XOM: silly message
  1034 | D:2      | Found a radiant altar of Vehumet.
  1183 | D:2      | Found an iron altar of Okawaru.
  1310 | D:2      | XOM: scenery: 1 doors close
  1310 | D:2      | Reached skill level 3 in Armour
  1436 | D:2      | XOM: silly message
  1514 | D:2      | XOM: divination: detect creatures
  1530 | D:2      | Found a deep blue altar of Sif Muna.
  1644 | D:2      | XOM: scenery: create altars
  1745 | D:2      | Reached skill level 5 in Axes
  1745 | D:2      | Reached XP level 4. HP: 37/40 MP: 4/4
  2178 | D:3      | XOM: mild Necr miscast
  2213 | D:3      | XOM: divination: magic mapping
  2312 | D:3      | XOM: divination: detect items
  2315 | D:3      | XOM: harmless Pois miscast
  2509 | D:3      | XOM: divination: detect creatures
  2566 | D:4      | XOM: potion effect (brilliance)
  2576 | D:4      | Found a stormy altar of Qazlal.
  2648 | D:4      | Noticed a fire elemental
  2676 | D:4      | XOM: harmless Erth miscast
  2680 | D:4      | Noticed an air elemental
  2683 | D:4      | Noticed a water elemental
  2754 | D:4      | Reached XP level 5. HP: 20/45 MP: 5/5
  2763 | D:4      | XOM: harmless Tloc miscast
  2868 | D:4      | XOM: swap weapons
  2880 | D:4      | HP: 11/45 [orc priest/divine providence (12)]
  2889 | D:4      | XOM: mild Necr miscast
  2889 | D:4      | HP: 11/45 [orc wizard/dagger (1)]
  2900 | D:4      | Reached skill level 4 in Armour
  2902 | D:4      | XOM: confusion (+ monsters)
  2942 | D:4      | Reached skill level 3 in Fighting
  3206 | D:4      | Noticed an ogre
  3223 | D:4      | HP: 1/48 [ogre/giant spiked club (19)]
  3225 | D:4      | Killed an ogre
  3225 | D:4      | Reached XP level 6. HP: 37/55 MP: 6/6
  3225 | D:4      | XOM: confusion (+ monsters)
  3265 | D:4      | XOM: swap monsters
  3267 | D:4      | Reached skill level 6 in Axes
  3310 | D:4      | XOM: noise
  3823 | D:5      | Entered Level 5 of the Dungeon
  3830 | D:5      | XOM: harmless Summ miscast
  3931 | D:5      | Reached skill level 5 in Armour
  3979 | D:5      | XOM: mild Conj miscast
  3987 | D:5      | XOM: mild Divn miscast
  4049 | D:5      | Reached skill level 4 in Fighting
  4049 | D:5      | Reached XP level 7. HP: 50/63 MP: 7/7
  4083 | D:5      | XOM: cast spell 'Statue Form'
  4093 | D:5      | XOM: enchant monster (good)
  4132 | D:5      | Noticed Ijyb
  4155 | D:5      | HP: 7/65 [orc priest/divine providence (12)]
  4167 | D:5      | Killed Ijyb
  4312 | D:5      | XOM: polymorph giant gecko -> quokka
  4332 | D:5      | Found a white marble altar of Elyvilon.
  4460 | D:5      | Reached skill level 7 in Axes
  4460 | D:5      | Reached skill level 1 in Evocations
  4506 | D:5      | Reached skill level 2 in Evocations
  4648 | D:6      | Noticed Blork the orc
  4656 | D:6      | Killed Blork the orc
  4656 | D:6      | Reached skill level 3 in Evocations
  4656 | D:6      | Reached XP level 8. HP: 40/72 MP: 12/12
  4663 | D:6      | Noticed Pikel
  4668 | D:6      | Noticed Sigmund
  4686 | D:6      | Killed Pikel
  4686 | D:6      | Reached skill level 5 in Fighting
  4686 | D:6      | Reached skill level 6 in Armour
  4686 | D:6      | Reached skill level 4 in Evocations
  4715 | D:6      | Killed Sigmund
  4757 | D:6      | Reached skill level 8 in Axes
  4775 | D:6      | Reached skill level 5 in Evocations
  4847 | D:6      | XOM: noise
  4866 | D:6      | XOM: mild Summ miscast
  4914 | D:6      | Reached skill level 7 in Armour
  4982 | D:6      | XOM: potion effect (agility)
  5045 | D:6      | Found Diafaphe's Antique Armour Boutique.
  5070 | D:6      | Found a staircase to the Ecumenical Temple.
  5079 | D:6      | HP: 9/75 [something (11)]
  5133 | D:6      | HP: 18/75 [orc warrior/glaive (3)]
  5136 | D:6      | Gained mutation: You passively map the area around you. [level up]
  5136 | D:6      | Reached XP level 9. HP: 19/81 MP: 16/16
  5178 | D:6      | HP: 11/81 [centaur/arrow of frost (8)]
  5185 | D:6      | Reached skill level 6 in Fighting
  5185 | D:6      | Reached skill level 6 in Evocations
  5203 | Temple   | Entered the Ecumenical Temple
  5484 | D:2      | Fell from the grace of Xom
  5484 | D:2      | Became a worshipper of Warmaster Okawaru
  5836 | D:6      | XOM: give mutations
  5836 | D:6      | Gained mutation: You are dopey. (Int -2) [Xom's mischief]
  5836 | D:6      | Gained mutation: You are very dopey. (Int -4) [Xom's mischief]
  5897 | D:7      | Found a shattered altar of Ashenzari.
  5897 | D:7      | Found a glowing silver altar of Zin.
  5898 | D:7      | Found an opulent altar of Gozag.
  5919 | D:7      | Found a bloodstained altar of Trog.
  5920 | D:7      | Found a glowing golden altar of the Shining One.
  6162 | D:7      | Noticed KurdyM's ghost (experienced TrTm)
  6179 | D:7      | Reached skill level 8 in Fighting
  6179 | D:7      | Reached skill level 11 in Axes
  6179 | D:7      | Reached skill level 10 in Armour
  6179 | D:7      | Reached XP level 10. HP: 61/97 MP: 18/18
  6189 | D:7      | Lost mutation: You are very dopey. (Int -4) [potion of cure mutation]
  6189 | D:7      | Lost mutation: You are dopey. (Int -2) [potion of cure mutation]
  6200 | D:7      | HP: 24/97 [something (5)]
  6207 | D:7      | XOM: summons 2 hostile shadow creatures
  6213 | D:7      | Killed KurdyM's ghost
  6213 | D:7      | Acquired Okawaru's first power
  6310 | D:7      | Found a sand-covered staircase.
  6361 | Ossuary  | Entered an ossuary
  6428 | Ossuary  | Gained mutation: You are resistant to hostile enchantments. [potion of mutation]
  6428 | Ossuary  | Gained mutation: You are weak. (Str -2) [potion of mutation]
  6428 | Ossuary  | Gained mutation: Your mind is acute. (Int +2) [potion of mutation]
  6702 | Ossuary  | XOM: noise
  6972 | D:7      | Reached skill level 9 in Fighting
  6984 | D:7      | XOM: summons 6 hostile demons
  7099 | D:7      | Noticed Menkaure
  7117 | D:7      | Killed Menkaure
  7122 | D:7      | HP: 23/98 [goliath beetle (11)]
  7252 | D:7      | Noticed Eustachio
  7325 | D:7      | Killed Eustachio
  7361 | D:7      | Reached skill level 7 in Evocations
  7466 | D:7      | XOM: mild Ice miscast
  8049 | D:8      | Noticed Edmund
  8070 | D:8      | Killed Edmund
  8228 | D:8      | Found Khanetam's Book Emporium.
  8374 | D:8      | Got a glittering lead ring
  8380 | D:8      | Identified the ring "Ghelodog" {rPois AC+3} (You found it on level 8 of the Dungeon)
  8450 | D:8      | HP: 23/98 [ogre/giant club (14)]
  8532 | D:8      | HP: 19/98 [sky beast (4)]
  8537 | D:8      | HP: 15/98 [something (2)]
  8550 | D:8      | Gained mutation: Your mind is very acute. (Int +4) [mutagenic meat]
  8715 | D:8      | XOM: give mutations
  8715 | D:8      | Gained mutation: You are very weak. (Str -4) [Xom's mischief]
  8715 | D:8      | Gained mutation: Armour fits poorly on your strangely shaped body. [Xom's mischief]
  8919 | D:9      | XOM: medium Chrm miscast
  9016 | D:9      | Reached XP level 11. HP: 62/105 MP: 18/18
  9139 | D:9      | HP: 24/105 [orc warrior/war axe (17)]
  9867 | D:10     | XOM: noise
  9867 | D:10     | Entered Level 10 of the Dungeon
  9867 | D:10     | Found a staircase to the Orcish Mines.
  9884 | D:10     | Reached skill level 8 in Evocations
  9901 | D:10     | XOM: divination: magic mapping
 10027 | D:10     | HP: 23/105 [orc warrior/halberd (14)]
 10032 | D:10     | HP: 19/105 [orc warrior/halberd (9)]
 10090 | D:10     | XOM: noise
 10429 | D:10     | Reached skill level 11 in Armour
 10756 | D:10     | HP: 22/105 [orc warrior/battleaxe (7)]
 10761 | D:10     | HP: 14/105 [orc warrior/battleaxe (6)]
 10762 | D:10     | XOM: noise
 10763 | D:10     | Slain by an orc warrior

Action                   |  1- 3 |  4- 6 |  7- 9 | 10-12 || total
-------------------------+-------+-------+-------+-------++-------
Melee: Hand axe          |   136 |   252 |   336 |    47 ||   771
       Short sword       |       |    34 |       |       ||    34
       War axe           |       |       |       |   534 ||   534
Invok: Heroism           |       |       |       |     1 ||     1
 Abil: Device Recharging |       |       |     1 |     3 ||     4
Evoke: Wand              |     1 |     8 |     8 |    23 ||    40
  Use: Scroll            |     3 |     2 |     1 |    17 ||    23
       Potion            |     1 |       |     2 |     9 ||    12
 Stab: Paralysed         |     1 |     5 |     6 |     6 ||    18
       Confused          |       |     2 |       |       ||     2
       Distracted        |       |     1 |       |       ||     1
       Petrifying        |       |       |     2 |     1 ||     3
       Invisible         |       |       |       |    14 ||    14
  Eat: Chunk             |     3 |     8 |     4 |    10 ||    25
       Fruit             |       |       |     4 |       ||     4
       Pizza             |       |       |       |     2 ||     2
       Meat ration       |       |       |       |     1 ||     1
       Bread ration      |       |       |       |     1 ||     1

Vault maps used:
D:1:      dpeg_arrival_brainrot, nemelex_diamond_rough_becter
D:2:      lemuel_blue_sif_altar, nicolae_overflow_crystal_walls,
          old_standard_altar
D:4:      nicolae_qazlal_style_of_elements, first_bread, item_on_display_a
D:5:      lemuel_upstairs_altar, serial_undead, serial_undead_b,
          serial_undead_e, serial_undead_f, serial_undead_d, elyvilon_altar_4,
          uniq_iyjb
D:6:      minmay_temple_entry_hall, serial_shops, shop, uniq_sigmund,
          uniq_blork_the_orc, uniq_pikel
D:7:      grunt_temple_overflow_open, nicolae_ossuary_entry_false_entrances,
          grunt_ogre_cave, uniq_eustachio, uniq_menkaure
D:8:      serial_shops, shop, uniq_edmund
D:10:     orc_0_dummy
Temple:   roderic_octagonal_lattice_temple
Ossuary:  ossuary_crypta

Table legend:
 A = Turns spent in this place as a percentage of turns spent in the entire game.
 B = Non-inter-level travel turns spent in this place as a percentage of non-inter-level travel turns spent in the entire game.
 C = Inter-level travel turns spent in this place as a percentage of turns spent in this place.
 D = Turns resting spent in this place as a percentage of non-inter-level travel turns spent in this place.
 E = Turns spent auto-exploring this place as a percentage of non-inter-level travel turns spent in this place.
 F = Non-inter-level travel turns spent in this place divided by the number of levels of this place that you've seen.
                   A       B       C       D       E      F
               +-------+-------+-------+-------+-------+----------------------
         Total | 100.0 | 100.0 |   0.4 |   0.8 |   5.7 | 450.0
       Dungeon |  94.1 |  94.1 |   0.4 |   0.6 |   5.4 | 508.0
        Temple |   0.6 |   0.6 |   3.2 |   0.0 |  56.7 |  30.0
       Ossuary |   5.3 |   5.4 |   0.0 |   3.4 |   7.2 | 290.0
               +-------+-------+-------+-------+-------+----------------------

Table legend:
 A = Kills in this place as a percentage of kills in entire the game.
 B = Kills by you in this place as a percentage of kills by you in the entire game.
 C = Kills by friends in this place as a percentage of kills by friends in the entire game.
 D = Other kills in this place as a percentage of other kills in the entire game.
 E = Experience gained in this place as a percentage of experience gained in the entire game.
 F = Experience gained in this place divided by the number of levels of this place that you have seen.
                   A       B       C       D       E      F
               +-------+-------+-------+-------+-------+----------------------
         Total | 100.0 | 100.0 | 100.0 | 100.0 | 100.0 | 809.5
       Dungeon |  96.2 |  96.0 | 100.0 | 100.0 |  97.9 | 950.8
       Ossuary |   3.8 |   4.0 |   0.0 |   0.0 |   2.1 | 206.0
               +-------+-------+-------+-------+-------+----------------------
